 Dungeon Crawl Stone Soup version 0.20.0-15-g7f486f2 (webtiles) character file.

14485 botchamania the Martial Artist (level 12, -8/78 HPs)
             Began as an Octopode Transmuter on June 26, 2017.
             Was a High Priest of Okawaru.
             Mangled by a spatial maelstrom (15 damage)
             ... on level 2 of the Abyss.
             The game lasted 00:37:57 (13098 turns).

botchamania the Martial Artist (OpTm)              Turns: 13098, Time: 00:37:57

Health: -8/78      AC:  1    Str:  9    XL:     12   Next: 17%
Magic:  20/20      EV: 23    Int: 18    God:    Okawaru [*****.]
Gold:   553        SH:  0    Dex: 15    Spells: 7/22 levels left

rFire    . . .     SeeInvis .     - Unarmed
rCold    . . .     Gourm    .   (no shield)
rNeg     + . .     Faith    .   (helmet restricted)
rPois    .         Spirit   .   O - amulet of regeneration
rElec    .         Reflect  .   e - ring of positive energy
rCorr    .         Harm     .   N - +5 ring of evasion
MR       .....                  (no ring)
Stlth    +++.......             (no ring)
Regen    0.7/turn               (no ring)
MPRegen  0.2/turn               (no ring)
                                (no ring)
                                (no ring)

@: no status effects
A: almost no armour, stealthy swim, amphibious, 8 rings, constrict 8, camouflage
1, gelatinous body 1
a: Heroism, Finesse, Renounce Religion


You were on level 2 of the Abyss.
You worshipped Okawaru.
Okawaru was extremely pleased with you.
You were not hungry.

You visited 3 branches of the dungeon, and saw 13 of its levels.
You visited the Abyss 1 time.
You also visited: Ossuary.

You collected 789 gold pieces.
You spent 236 gold pieces at shops.

Inventory:

Hand Weapons
 y - a +2 whip of electrocution
 P - a +0 rapier
Missiles
 a - 169 arrows
 k - 279 stones (quivered)
 v - 32 poisoned needles
 Z - 2 javelins
Jewellery
 e - a ring of positive energy (left tentacle)
 s - an uncursed amulet of guardian spirit
 B - a -2 ring of strength
 D - an uncursed ring of loudness
 N - a +5 ring of evasion (right tentacle)
 O - an amulet of regeneration (around mantle)
 W - an uncursed amulet of faith {unknown}
Wands
 x - a wand of iceblast (15/15)
 A - a wand of disintegration (13/24)
 G - a wand of iceblast (8/15)
 Q - a wand of random effects (26/48)
 U - a wand of confusion (33/48)
 V - a wand of lightning (9/15)
 X - a wand of iceblast (7/15)
 Y - a wand of acid (9/15)
Scrolls
 d - 5 scrolls of remove curse
 g - 3 scrolls of enchant weapon
 m - 3 scrolls of fear
 o - 3 scrolls of amnesia
 q - 2 scrolls of recharging
 w - 3 scrolls of magic mapping
 E - 5 scrolls of enchant armour
 H - a scroll of noise
 J - 4 scrolls of teleportation
 M - 2 scrolls of holy word
 T - a scroll of identify
Potions
 f - 6 potions of curing
 h - 3 potions of agility
 n - 3 potions of mutation
 p - 6 potions of flight
 t - a potion of berserk rage
 u - 4 potions of cancellation
 z - 3 potions of heal wounds
 C - 2 potions of invisibility
 F - 2 potions of brilliance
 I - a potion of lignification {unknown}
 L - a potion of haste
 S - 2 potions of might
Books
 b - a book of Changes

   Spells                             Type                      Level
   a - Beastly Appendage              Transmutation                1
   b - Sticks to Snakes               Transmutation                2
   c - Spider Form                    Transmutation/Poison         3
   d - Ice Form                       Ice/Transmutation            4
   e - Blade Hands                    Transmutation                5
 K - a book of Changes

   Spells                             Type                      Level
   a - Beastly Appendage              Transmutation                1
   b - Sticks to Snakes               Transmutation                2
   c - Spider Form                    Transmutation/Poison         3
   d - Ice Form                       Ice/Transmutation            4
   e - Blade Hands                    Transmutation                5
 R - a book of Maledictions

   Spells                             Type                      Level
   a - Corona                         Hexes                        1
   b - Ensorcelled Hibernation        Hexes/Ice                    2
   c - Confuse                        Hexes                        3
   d - Tukima's Dance                 Hexes                        3
   e - Dazzling Spray                 Conjuration/Hexes            3
Comestibles
 c - 12 bread rations
 i - 8 meat rations
 j - 3 royal jellies
 l - 10 fruits
 r - a chunk of flesh


   Skills:
 - Level 5.9 Fighting
 - Level 7.6 Dodging
 - Level 3.1 Stealth
 + Level 11.9 Unarmed Combat
 + Level 5.7 Spellcasting
 - Level 9.6 Transmutations
 - Level 5.6 Ice Magic
 - Level 5.0 Poison Magic


You had 7 spell levels left.
You knew the following spells:

 Your Spells              Type           Power        Failure   Level  Hunger
a - Beastly Appendage     Tmut           #####.       1%          1    None
b - Sticks to Snakes      Tmut           #####...     1%          2    None
c - Spider Form           Tmut/Pois      ####......   1%          3    ##.....
d - Blade Hands           Tmut           #####.....   6%          5    #####..
e - Ice Form              Ice/Tmut       ####....     5%          4    ####...


Dungeon Overview and Level Annotations

Branches:
Dungeon (10/15)            Temple (1/1) D:6            Lair (2/6) D:10
  Swamp: Lair:2-4    Shoals: Lair:2-4     Snake: Lair:2-4    Spider: Lair:2-4
    Orc: D:9-12

Altars:
Ashenzari
Cheibriados
Dithmenos
Elyvilon
Fedhas
Gozag
Hepliaklqana
Kikubaaqudgha
Makhleb
Nemelex Xobeh
Okawaru
Qazlal
Ru
Sif Muna
Trog
Uskayaw
Vehumet
Xom
Yredelemnul
Zin
The Shining One

Shops:
D:5 *

Annotations:
D:5 exclusion: oklob plant
D:6 vishdafish's ghost, novice FoFi
Lair:2 Sonja


Innate Abilities, Weirdness & Mutations

You cannot wear most types of armour.
You are very stealthy in the water. (Stealth+)
You are amphibious.
You can wear up to eight rings at the same time.
You can use your tentacles to constrict eight enemies at once.
Your skin changes colour to match your surroundings (Stealth+).
Your rubbery body absorbs attacks. (AC +1, EV +1)


Message History

A spatial vortex comes into view.
The spatial vortex moves out of view.
Found 34 gold pieces.
Found a gateway leading deeper into the Abyss.
A spatial vortex comes into view.
A spatial vortex comes into view.
The spatial maelstrom closely misses you.
The spatial maelstrom hits you! Space bends around you.
The spatial maelstrom completely misses you.
The spatial maelstrom closely misses you.
The spatial maelstrom closely misses you.
The spatial maelstrom completely misses you.
The spatial maelstrom misses you. The spatial maelstrom hits you!
Space warps horribly around you!
There is a gateway leading deeper into the Abyss here.
The spatial maelstrom closely misses you.
The spatial maelstrom hits you!!
* * * LOW HITPOINT WARNING * * *
Space warps horribly around you!
You die...

.# ## ##.#. ##..
###....## .#.
.#.#....#...#..## #
.....#...##.#..# # .
...#.....#... ##...
####
..#..#$#..###...#
...###.#..≈≈#≈≈v@..#
## ....###≈≈≈..≈...#
#...#...v≈####..##
≈≈≈v .≈≈≈.♣≈# ###.#
...≈≈≈#≈≈.♣≈≈# .#
.≈≈≈≈≈#≈≈.#≈≈≈. .. .
#≈≈#≈≈.# ≈..# .#
...##≈≈#.≈...#.# ..
. ###..#.≈#.##.#


You could see a spatial maelstrom and a spatial vortex (wandering).

Vanquished Creatures
  2 hydras
  A two-headed ogre (D:10)
  Urug (Lair:2)
  Pikel (D:4)
  Joseph (D:7)
  A spiny frog (Lair:2)
  A gargoyle (D:10)
  A merfolk (D:9)
  A troll (D:10)
  Prince Ribbit (D:5)
  3 blink frogs (Lair:1)
  A hippogriff (D:9)
  A wraith (D:10)
  A yak (D:10)
  A hungry ghost (D:10)
  Edmund (D:6)
  A water moccasin (Lair:1)
  6 orc warriors
  7 porcupines
  4 phantoms (D:9)
  A sky beast (D:10)
  A necrophage (D:10)
  4 black bears
  6 ogres
  5 centaurs
  6 wolves
  3 crocodiles
  Blork the orc (D:5)
  A big kobold (D:8)
  4 elf zombies (Ossuary)
  4 bullfrogs
  A gnoll sergeant (D:9)
  A wyvern zombie (D:6)
  A wyvern skeleton (D:9)
  2 scorpions
  An electric eel (D:6)
  17 killer bees
  4 wights
  6 howler monkeys
  3 crimson imps
  5 centaur zombies
  2 bullfrog zombies (D:9)
  A gnoll shaman (D:4)
  6 hounds
  3 jellies
  A centaur skeleton (D:6)
  4 human zombies (Ossuary)
  7 orc priests
  Terence (D:1)
  18 orc wizards
  Ijyb (D:4)
  2 hell rats (Lair:1)
  An iguana (D:7)
  5 worker ants
  A hound skeleton (D:10)
  3 mummies (Ossuary)
  2 worker ant zombies
  11 gnolls
  5 adders
  9 river rats (Lair:1)
  A shadow imp (D:6)
  3 oozes
  2 adder zombies
  An adder skeleton (D:7)
  3 worms
  A dart slug (D:4)
  6 leopard geckos
  46 orcs
  2 ball pythons
  4 giant cockroaches
  3 goblins (D:3)
  8 hobgoblins
  10 jackals
  15 kobolds
  8 quokkas
  A ball python skeleton (D:5)
  5 bats
  9 frilled lizards
  6 rats
331 creatures vanquished.

Vanquished Creatures (collateral kills)
  A spiny frog (Lair:1)
  A porcupine (Lair:1)
  3 adders
  A worm (D:2)
  A leopard gecko (D:1)
  2 goblins
  A kobold (D:3)
10 creatures vanquished.

Vanquished Creatures (others)
  9 fungi
9 creatures vanquished.

Grand Total: 350 creatures vanquished

Notes
Turn   | Place    | Note
-------+----------+-------------------------------------------
     0 | D:1      | botchamania the Octopode Transmuter began the quest for the Orb.
     0 | D:1      | Reached XP level 1. HP: 13/13 MP: 3/3
   131 | D:1      | Reached XP level 2. HP: 8/18 MP: 3/5
   177 | D:1      | Learned a level 2 spell: Sticks to Snakes
  1256 | D:1      | Reached XP level 3. HP: 20/23 MP: 1/6
  1530 | D:2      | Reached skill level 4 in Unarmed Combat
  1897 | D:2      | Reached XP level 4. HP: 18/28 MP: 4/7
  1922 | D:2      | Learned a level 3 spell: Spider Form
  1933 | D:2      | Noticed Terence
  2041 | D:1      | Killed Terence
  2491 | D:2      | Found a shattered altar of Ashenzari.
  2617 | D:2      | Found a hazy altar of Hepliaklqana.
  2617 | D:2      | Found a sacrificial altar of Ru.
  2618 | D:2      | Found a white marble altar of Elyvilon.
  2961 | D:3      | Reached skill level 1 in Poison Magic
  2961 | D:3      | Reached XP level 5. HP: 30/33 MP: 1/8
  3179 | D:3      | Reached skill level 8 in Unarmed Combat
  3179 | D:3      | Reached XP level 6. HP: 38/38 MP: 9/9
  3708 | D:4      | Reached XP level 7. HP: 43/43 MP: 7/10
  3764 | D:4      | Noticed Ijyb
  3905 | D:4      | Killed Ijyb
  4403 | D:4      | Noticed Pikel
  4437 | D:4      | Killed Pikel
  4437 | D:4      | Reached skill level 9 in Unarmed Combat
  4437 | D:4      | Reached XP level 8. HP: 29/48 MP: 4/11
  4592 | D:5      | Entered Level 5 of the Dungeon
  4684 | D:5      | Found an opulent altar of Gozag.
  4731 | D:5      | Found Zimolut's Assorted Antiques.
  4751 | D:5      | Bought a twisted marble ring for 110 gold pieces
  4754 | D:5      | Bought a scroll labeled BUNLOU BUOBES for 22 gold pieces
  4754 | D:5      | Bought a scroll labeled QEW ZONUANWIUMN for 22 gold pieces
  4754 | D:5      | Bought a glowing silvery potion for 19 gold pieces
  4754 | D:5      | Bought a scroll of identify for 44 gold pieces
  4754 | D:5      | Bought a fuming clear potion for 19 gold pieces
  4850 | D:5      | Noticed Prince Ribbit
  4878 | D:5      | Killed Prince Ribbit
  5130 | D:5      | Noticed Blork the orc
  5143 | D:5      | Killed Blork the orc
  5143 | D:5      | Reached XP level 9. HP: 39/53 MP: 1/12
  5194 | D:5      | Found a snail-covered altar of Cheibriados.
  5282 | D:5      | Found a blossoming altar of Fedhas.
  5299 | D:5      | Noticed an oklob plant
  5555 | D:5      | Reached skill level 5 in Poison Magic
  5754 | D:6      | Learned a level 5 spell: Blade Hands
  5998 | D:6      | Found a glowing silver altar of Zin.
  6125 | D:6      | Found a staircase to the Ecumenical Temple.
  6125 | D:6      | Noticed Edmund
  6136 | D:6      | Killed Edmund
  6516 | D:6      | Noticed vishdafish's ghost (novice FoFi)
  7252 | D:6      | Reached skill level 1 in Stealth
  7396 | Temple   | Entered the Ecumenical Temple
  7448 | Temple   | Became a worshipper of Warmaster Okawaru
  7606 | D:7      | Found a sparkling altar of Nemelex Xobeh.
  7848 | D:7      | Noticed Joseph
  7861 | D:7      | Killed Joseph
  7946 | D:7      | Reached XP level 10. HP: 60/60 MP: 13/13
  8261 | D:7      | Got an ichor-stained large shield
  8263 | D:7      | Identified the cursed +0 large shield "Xurchisef" {*Slow rPois rF- SInv} (You found it on level 7 of the Dungeon)
  8342 | D:8      | Found a bloodstained altar of Trog.
  8475 | D:8      | Reached * piety under Okawaru
  8879 | D:8      | Found a sand-covered staircase.
  8923 | Ossuary  | Entered an ossuary
  9355 | D:9      | Reached ** piety under Okawaru
  9476 | D:9      | Reached skill level 5 in Fighting
  9667 | D:9      | Found an ancient bone altar of Kikubaaqudgha.
  9667 | D:9      | Found a shadowy altar of Dithmenos.
  9844 | D:9      | Found a glowing golden altar of the Shining One.
  9890 | D:9      | Reached XP level 11. HP: 13/72 MP: 14/17
 10244 | D:9      | Learned a level 4 spell: Ice Form
 10475 | D:9      | Reached skill level 10 in Unarmed Combat
 10555 | D:10     | Entered Level 10 of the Dungeon
 10565 | D:10     | Found a staircase to the Lair.
 10573 | D:10     | Reached skill level 1 in Ice Magic
 10579 | D:10     | Noticed a two-headed ogre
 10587 | D:10     | Reached *** piety under Okawaru
 10596 | D:10     | Killed a two-headed ogre
 11630 | D:10     | Reached **** piety under Okawaru
 11920 | Lair:1   | Entered Level 1 of the Lair of Beasts
 11928 | Lair:1   | Reached skill level 11 in Unarmed Combat
 11946 | Lair:1   | Reached skill level 5 in Ice Magic
 11949 | Lair:1   | Noticed a seven-headed hydra
 11960 | Lair:1   | Killed a seven-headed hydra
 12495 | Lair:1   | Reached skill level 5 in Spellcasting
 12726 | Lair:1   | Reached ***** piety under Okawaru
 12873 | Lair:2   | Reached XP level 12. HP: 72/78 MP: 11/19
 12963 | Lair:2   | Noticed a six-headed hydra
 12973 | Lair:2   | Noticed Urug
 12973 | Lair:2   | Killed a six-headed hydra
 12990 | Lair:2   | Killed Urug
 13007 | Lair:2   | Noticed Sonja
 13014 | Lair:2   | Cast into level 1 of the Abyss (Sonja)
 13014 | Abyss:1  | Found a corrupted altar of Lugonu.
 13098 | Abyss:2  | Mangled by a spatial maelstrom

Skill      XL: |  1  2  3  4  5  6  7  8  9 10 11 |
---------------+----------------------------------+-----
Unarmed Combat | 4 8 9 11 | 11.9
Dodging        | 3 7 |  7.6
Poison Magic   | 1 2 4 5 |  5.0
Transmutations | 7 8 9 |  9.6
Stealth        | 3 |  3.1
Fighting       | 2 5 |  5.9
Spellcasting   | 4 5 |  5.7
Ice Magic      | 5 |  5.6

Action                   |  1- 3 |  4- 6 |  7- 9 | 10-12 || total
-------------------------+-------+-------+-------+-------++-------
Melee: Unarmed           |    73 |   101 |   301 |   591 ||  1066
       Kick              |    10 |     8 |       |     2 ||    20
       Constrict         |    19 |    15 |    18 |    38 ||    90
       Tentacles         |    16 |    10 |    13 |    38 ||    77
       Punch             |     3 |       |     8 |    16 ||    27
Throw: Stone             |     4 |       |       |       ||     4
 Cast: Beastly Appendage |    17 |     9 |     3 |     2 ||    31
       Sticks to Snakes  |    10 |     9 |       |       ||    19
       Spider Form       |       |     6 |    27 |    23 ||    56
       Blade Hands       |       |       |     1 |    13 ||    14
       Ice Form          |       |       |       |     6 ||     6
Invok: Heroism           |       |       |       |    22 ||    22
  Use: Scroll            |       |     5 |     5 |    18 ||    28
       Potion            |       |     2 |       |     2 ||     4
 Stab: Sleeping          |     3 |     5 |     4 |     3 ||    15
       Distracted        |       |       |       |     1 ||     1
  Eat: Chunk             |     4 |     3 |    14 |    24 ||    45
       Bread ration      |       |     1 |     1 |     1 ||     3
Armor: Skin              |    11 |     4 |     6 |    21 ||    42
Dodge: Dodged            |    63 |    66 |   256 |   618 ||  1003
